 Dungeon Crawl Stone Soup version 0.29.1-12-g30fa7ad0bf (webtiles) character file.

Game seed: 2085668670506332410

20531 Mitcholas the Basher (level 12, 0/79 HPs)
             Began as a Gargoyle Fighter on Dec 27, 2022.
             Was an Initiate of Yredelemnul.
             Slain by a skeletal warrior
             ... wielding a +2 great sword of flaming
              (13 damage)
             ... in a volcano on Dec 28, 2022.
             The game lasted 00:49:05 (11244 turns).

Mitcholas the Basher (Gargoyle Fighter)            Turns: 11244, Time: 00:49:05

Health: 0/79       AC: 31    Str: 27    XL:     12   Next: 80%
Magic:  21/21      EV: 14    Int:  9    God:    Yredelemnul [......]
Gold:   582        SH:  5    Dex:  9    Spells: 11/11 levels left

rFire   . . .      SeeInvis +   G - +1 morningstar (protect)
rCold   + + .      Faith    .   c - +0 buckler
rNeg    + . .      Spirit   .   B - +2 ring mail of Parts Unknown {Regen+ SInv}
rPois   ∞          Reflect  .   b - +1 helmet of Biahoal {-Cast rC++ Str+2}
rElec   +          Harm     .   v - +0 cloak
rCorr   .          Rampage  .   k - +0 pair of gloves
Will    +....      NoCast   +   y - +0 pair of boots
Stlth   ..........              n - amulet of the acrobat
HPRegen 1.03/turn               L - ring of willpower
MPRegen 0.17/turn               A - +4 ring of evasion

@: under a protective aura, studying 2 skills
A: sickness immunity, AC +8, negative energy resistance 1, electricity
resistance, torment resistance 1, petrification resistance
a: Renounce Religion, Recall Undead Harvest


You were in a volcano.
You worshipped Yredelemnul.
Yredelemnul was pleased with you.
You visited 3 branches of the dungeon, and saw 13 of its levels.
You also visited: Bailey and Volcano.

You collected 1050 gold pieces.
You spent 468 gold pieces at shops.

Inventory:

Hand Weapons
 G - a +1 morningstar of protection (weapon)
 P - a +1 eveningstar of flaming
Missiles
 f - 23 poisoned darts (quivered)
 o - 6 atropa-tipped darts
 M - 4 boomerangs of dispersal
 O - a throwing net
Armour
 b - the +1 helmet of Biahoal (worn) {-Cast rC++ Str+2}
   (You bought it in a shop on level 9 of the Dungeon)

   Str:       It affects your strength (+2).
   rC:        It greatly protects you from cold.
   -Cast:     It prevents spellcasting.
 c - a +0 buckler (worn)
 k - a +0 pair of gloves (worn)
 v - a +0 cloak (worn)
 y - a +0 pair of boots (worn)
 B - the +2 ring mail of Parts Unknown (worn) {Regen+ SInv}
   (You found it on level 4 of the Dungeon)

   SInv:      It lets you see invisible.
   Regen:     It increases your rate of health regeneration.
Jewellery
 n - an amulet of the acrobat (around neck)
 w - a ring of ice
 A - a +4 ring of evasion (right hand)
 L - a ring of willpower (left hand)
Wands
 a - a wand of polymorph (10)
 m - a wand of roots (9)
Scrolls
 e - 4 scrolls of enchant weapon
 h - 2 scrolls of teleportation
 i - 3 scrolls of fog
 j - 5 scrolls of enchant armour
 q - a scroll of noise {unknown}
 r - 5 scrolls of fear
 t - 3 scrolls of brand weapon
 u - a scroll of blinking
 x - a scroll of immolation {unknown}
 z - a scroll of amnesia {unknown}
 D - a scroll of vulnerability {unknown}
 F - 2 scrolls of summoning
 N - 2 scrolls of magic mapping
Potions
 d - 2 potions of might
 g - 3 potions of berserk rage
 l - 2 potions of mutation
 p - 2 potions of flight
 s - 3 potions of heal wounds
 C - 2 potions of curing
 E - 3 potions of ambrosia
 H - a potion of attraction
 I - a potion of brilliance {unknown}
 J - a potion of magic
 K - a potion of cancellation {unknown}


   Skills:
 + Level 10.6 Fighting
 * Level 12.7 Maces & Flails
 + Level 9.5 Armour
 - Level 7.0 Shields
 * Level 12.6 Invocations
 - Level 6.0 Evocations


You had 11 spell levels left.
You didn't know any spells.
Your spell library contained the following spells:

 Spells                   Type           Power      Damage    Failure   Level
 Sandblast                Erth           0%         2d4       56%         1
 Slow                     Hex            0%         N/A       56%         1
 Passwall                 Tmut/Erth      0%         N/A       71%         2
 Confusing Touch          Hex            0%         N/A       91%         3
 Dazzling Flash           Conj/Hex       0%         N/A       91%         3
 Gell's Gravitas          Tloc           0%         N/A       91%         3
 Portal Projectile        Hex/Tloc       0%         N/A       91%         3
 Stone Arrow              Conj/Erth      0%         3d7       91%         3
 Teleport Other           Tloc           0%         N/A       91%         3
 Vampiric Draining        Necr           0%         2d6       91%         3
 Fulminant Prism          Conj/Hex       0%         3d6       100%        4
 Iskenderun's Mystic Bla  Conj/Tloc      0%         2d3       100%        4
 Agony                    Necr           0%         N/A       100%        5
 Lee's Rapid Deconstruct  Erth           0%         3d5*      100%        5
 Silence                  Hex/Air        0%         N/A       100%        5
 Dispersal                Tloc           0%         N/A       100%        6
 Discord                  Hex            0%         N/A       100%        8


Dungeon Overview and Level Annotations

Branches:
Dungeon (10/15)            Temple (1/1) D:4            Lair (2/5) D:8
    Orc (0/2) D:9          Bailey (visited)         Volcano (1/1)
  Swamp: Lair:2-3    Shoals: Lair:2-3     Snake: Lair:2-3    Spider: Lair:2-3

Altars:
Ashenzari
Cheibriados
Dithmenos
Elyvilon
Fedhas
Gozag
Hepliaklqana
Kikubaaqudgha
Makhleb
Nemelex Xobeh
Okawaru
Qazlal
Ru
Sif Muna
Trog
Uskayaw
Vehumet
Wu Jian
Xom
Yredelemnul
Zin
The Shining One

Shops:
D:5 *   D:9 [

Portals:
Abyss: D:6

Annotations:
D:6 2 transporters, fleeber's ghost, novice GrEE
Lair:2 1 transporter


Innate Abilities, Weirdness & Mutations

You are immune to sickness and miasma.
Your stone body is resilient. (AC +8)
You are immune to poison.
You resist negative energy. (rN+)
You are resistant to electric shocks. (rElec)
You are resistant to unholy torment.
You are immune to petrification.


Message History

Found two hand crossbows of flaming.
There is an open door here.
You see here a +1 eveningstar of flaming.
P - a +1 eveningstar of flaming You see here a +0 chain mail.
There is an open door here.
You open the door.
There is an open door here.
You open the door.
A skeletal warrior comes into view.
It is wielding a +2 great sword of flaming.
You puncture the skeletal warrior!
Your weapon exudes an aura of protection.
The skeletal warrior is lightly damaged.
The skeletal warrior barely misses you.
You hit the skeletal warrior but do no damage.
The skeletal warrior is lightly damaged.
The skeletal warrior hits you with a +2 great sword of flaming!!
The skeletal warrior burns you.
You closely miss the skeletal warrior.
The skeletal warrior is lightly damaged.
The skeletal warrior hits you with a +2 great sword of flaming!
The skeletal warrior burns you!
* * * LOW HITPOINT WARNING * * *
You barely miss the skeletal warrior.
The skeletal warrior is lightly damaged.
The skeletal warrior hits you with a +2 great sword of flaming.
* * * LOW HITPOINT WARNING * * *
The skeletal warrior burns you.
* * * LOW HITPOINT WARNING * * *
You hit the skeletal warrior but do no damage.
The skeletal warrior is lightly damaged.
The skeletal warrior hits you with a +2 great sword of flaming!
* * * LOW HITPOINT WARNING * * *
The skeletal warrior burns you.
* * * LOW HITPOINT WARNING * * *
You completely miss the skeletal warrior.
The skeletal warrior is lightly damaged.
The skeletal warrior hits you with a +2 great sword of flaming!
You die...
Your body rises from the dead as a mindless zombie.

################
#[.'...#...'...#
#))#...)...#...# .
##+#...#...#...##..
###@#######.##.#
#.z.^+ #.##.#
###### ##.##.##
#####......####
.............##
#####.#..#)###.
##### #......'...
#...#####.#..#)###.
#................##


You could see a skeletal warrior.

Vanquished Creatures
  A hydra (Lair:2)
  2 two-headed ogres (D:9)
  A skeletal warrior (Volcano)
  The ghost of hawla the Chiller, a novice MeIE of Vehumet (D:8)
  Pikel (D:6)
  2 anaconda skeletons (Volcano)
  A manticore (D:8)
  A moth of wrath (D:8)
  3 cane toads
  2 gargoyles (Volcano)
  3 komodo dragons (Lair:1)
  A kobold demonologist (D:10)
  A rime drake (Lair:1)
  3 trolls
  4 blink frogs
  An alligator skeleton (Volcano)
  2 vampires
  3 flying skulls (Volcano)
  A wyvern (D:10)
  A shadow (D:9)
  2 basilisks
  2 yaks (D:10)
  2 steam dragons
  A water moccasin (D:7)
  15 orc warriors
  2 black bears (D:8)
  3 ice beasts
  16 centaurs
  3 lemures (D:6)
  3 phantoms
  3 kobold brigands
  5 bullfrogs
  6 necrophages
  A wyvern zombie (D:6)
  4 scorpions
  A water moccasin zombie (D:6)
  14 wights
  11 killer bees (D:10)
  A troll skeleton (Volcano)
  3 howler monkeys
  2 spriggan skeletons (Volcano)
  5 hounds
  A human zombie (D:6)
  6 orc priests
  3 iguanas
  Ijyb (D:2)
  12 orc wizards
  Natasha (thrice) (D:4)
  A killer bee zombie (D:6)
  3 naga skeletons (Volcano)
  3 mummies (D:6)
  3 gnolls (D:5)
  5 adders
  A shadow imp (D:7)
  2 white imps
  An ufetubus (D:4)
  A worm (D:2)
  A dart slug (D:1)
  54 orcs
  7 bats
  7 endoplasms
  5 giant cockroaches
  21 goblins
  9 hobgoblins
  2 jackals (D:3)
  4 quokkas
  3 ball pythons
  2 frilled lizards
  19 kobolds
  5 rats
325 creatures vanquished.

Vanquished Creatures (collateral kills)
  A cane toad (Lair:1)
  A burning bush (Lair:1)
  4 blink frogs
  A shadow (D:10)
  A steam dragon (D:9)
  2 orc warriors (Bailey)
  A wolf (Lair:1)
  A centaur (Bailey)
  A bullfrog (Lair:1)
  A crimson imp (D:10)
  An orc priest (D:10)
  2 orc wizards
  6 orcs
  A goblin (D:9)
  6 kobolds (D:9)
30 creatures vanquished.

Vanquished Creatures (others)
  A water moccasin zombie (D:7)
  2 centaur zombies
  A bullfrog zombie (Lair:1)
  A black bear zombie (D:8)
  2 killer bee zombies (D:10)
  A steam dragon zombie (D:8)
  2 orcs (Bailey)
  4 kobold zombies
  23 orc zombies
  8 fungi
  27 plants
72 creatures vanquished.

Grand Total: 427 creatures vanquished

Notes
Turn   | Place    | Note
-------+----------+-------------------------------------------
     0 | D:1      | Mitcholas the Gargoyle Fighter began the quest for the Orb.
     0 | D:1      | Reached XP level 1. HP: 14/14 MP: 1/1
    72 | D:1      | Reached XP level 2. HP: 19/19 MP: 2/2
   361 | D:1      | Reached XP level 3. HP: 23/23 MP: 3/3
   922 | D:2      | Noticed Ijyb
   931 | D:2      | Paralysed by Ijyb for 3 turns
   957 | D:2      | Paralysed by Ijyb for 3 turns
   964 | D:2      | Paralysed by Ijyb for 5 turns
   978 | D:2      | Killed Ijyb
   979 | D:2      | Reached XP level 4. HP: 13/28 MP: 4/4
  2176 | D:3      | Noticed a scorpion
  2185 | D:3      | Killed a scorpion
  2186 | D:3      | Reached skill level 5 in Maces & Flails
  2186 | D:3      | Reached XP level 5. HP: 32/32 MP: 5/5
  2309 | D:3      | Found a shimmering altar of Xom.
  2638 | D:3      | Reached XP level 6. HP: 29/37 MP: 6/6
  3364 | D:4      | Identified the +2 ring mail of Parts Unknown {Regen+ SInv}
  3435 | D:4      | Noticed Natasha
  3497 | D:4      | Killed Natasha
  3561 | D:4      | Found a staircase to the Ecumenical Temple.
  3606 | Temple   | Entered the Ecumenical Temple
  3825 | D:4      | Noticed Natasha
  3837 | D:4      | Killed Natasha
  3838 | D:4      | Reached XP level 7. HP: 40/43 MP: 7/7
  3846 | D:4      | Noticed Natasha
  3862 | D:4      | Killed Natasha
  4144 | D:4      | Found a hazy altar of Hepliaklqana.
  4190 | D:5      | Entered Level 5 of the Dungeon
  4190 | D:5      | Found Laur's Assorted Antiques.
  4229 | D:5      | Found a sparkling altar of Nemelex Xobeh.
  4486 | D:5      | Reached XP level 8. HP: 48/48 MP: 8/8
  4561 | D:5      | Reached skill level 1 in Evocations
  4595 | D:5      | Reached skill level 5 in Shields
  4670 | D:5      | Reached skill level 5 in Fighting
  4670 | D:5      | Reached skill level 5 in Armour
  4678 | D:5      | Found a blossoming altar of Fedhas.
  4742 | D:5      | Found a bloodstained altar of Trog.
  5104 | D:6      | Found a transporter.
  5110 | D:6      | Noticed a red ugly thing
  5147 | D:6      | Noticed fleeber's ghost (novice GrEE)
  5268 | D:6      | Noticed Pikel
  5291 | D:6      | Killed Pikel
  5292 | D:6      | Reached XP level 9. HP: 55/55 MP: 9/9
  5346 | D:6      | Found a transporter.
  5363 | D:6      | Found a one-way gate to the infinite horrors of the Abyss.
  5742 | D:6      | Found a basalt altar of Yredelemnul.
  5749 | D:6      | Became a worshipper of Yredelemnul the Dark
  5884 | D:7      | Found a snail-covered altar of Cheibriados.
  5887 | D:7      | Found a burning altar of Makhleb.
  5887 | D:7      | Found a hide-covered altar of Uskayaw.
  5950 | D:7      | Reached skill level 1 in Invocations
  6282 | D:7      | Noticed a troll
  6287 | D:7      | Reached * piety under Yredelemnul
  6294 | D:7      | Killed a troll
  6295 | D:7      | Reached XP level 10. HP: 57/61 MP: 10/12
  6657 | D:7      | Found a glowing silver altar of Zin.
  6775 | D:8      | Noticed a manticore
  6793 | D:8      | Killed a manticore
  6808 | D:8      | Got the Volume of Spellbinding
  6923 | D:8      | Found a transporter.
  6938 | D:8      | Noticed hawla's ghost (novice MeIE)
  6942 | D:8      | Noticed a moth of wrath
  7003 | D:8      | Found a transporter.
  7253 | D:8      | Found a white marble altar of Elyvilon.
  7328 | D:8      | Found an opulent altar of Gozag.
  7329 | D:8      | Found a shimmering blue altar of Sif Muna.
  7540 | D:8      | Found a staircase to the Lair.
  7979 | D:8      | Found a sacrificial altar of Ru.
  8127 | D:8      | Reached skill level 10 in Maces & Flails
  8130 | D:8      | Killed hawla's ghost
  8182 | D:8      | Killed a moth of wrath
  8183 | D:8      | Reached skill level 5 in Invocations
  8216 | D:8      | Identified the ring "Rigoa" {Fire rPois Dex+2 Stlth+}
  8297 | D:9      | Identified a scroll of acquirement
  8297 | D:9      | Acquired a manual of Invocations
  8357 | D:9      | Reached XP level 11. HP: 34/67 MP: 15/15
  8357 | D:9      | Noticed a two-headed ogre
  8368 | D:9      | Killed a two-headed ogre
  8408 | D:9      | Found a stormy altar of Qazlal.
  8420 | D:9      | Found Ofuhaes's Armour Shop.
  8421 | D:9      | Found a staircase to the Orcish Mines.
  8499 | D:9      | Reached ** piety under Yredelemnul
  8500 | D:9      | Reached *** piety under Yredelemnul
  8504 | D:9      | Found a flagged portal.
  8516 | Bailey   | Entered a bailey
  8567 | Bailey   | Reached skill level 5 in Evocations
  8929 | Bailey   | Identified the +6 triple sword of War {freeze, Will+}
  9038 | Bailey   | Reached **** piety under Yredelemnul
  9286 | D:9      | Bought the +1 helmet of Biahoal {-Cast rC++ Str+2} for 468
                  | gold pieces
  9337 | D:9      | Noticed a two-headed ogre
  9347 | D:9      | Killed a two-headed ogre
  9392 | D:9      | You fall into a shaft and drop 1 floor!
  9392 | D:10     | Entered Level 10 of the Dungeon
  9440 | D:10     | Noticed a sixfirhy
 10677 | Lair:1   | Entered Level 1 of the Lair of Beasts
 10689 | Lair:1   | Reached skill level 10 in Invocations
 10689 | Lair:1   | Reached XP level 12. HP: 25/76 MP: 19/19
 10858 | Lair:1   | You fall into a shaft and drop 1 floor!
 10919 | Lair:2   | Noticed a five-headed hydra
 10932 | Lair:2   | Killed a five-headed hydra
 10957 | Lair:2   | Reached skill level 10 in Fighting
 10994 | Lair:2   | Found a transporter.
 10996 | Lair:2   | Noticed a five-headed hydra
 11002 | Lair:2   | Found a dark tunnel.
 11007 | Volcano  | Entered a volcano
 11244 | Volcano  | Slain by a skeletal warrior

Illustrated notes

Levels and vault maps discovered:
D:1:      co_arrival_hall_of_pillars, layout_basic
D:2:      kennysheep_the_goblin_king, layout_basic
D:3:      layout_basic, mainiacjoe_overflow_tiny_flanked,
          small_statue_intersection, fountainhead
D:4:      layout_rooms, lemuel_round_altar, minmay_temple_entry_fiery,
          minmay_vboxes, uniq_natasha
D:5:      layout_loops_cross, mainiacjoe_overflow_small_starburst,
          fedhas_altar_fruit_tree, lemuel_round_altar, serial_shops,
          nicolae_shop_overgrown_old_shop, dreamdust_princess_corridor
D:6:      layout_basic, lemuel_mausoleum_altar_yredelemnul,
          gammafunk_ghost_abyssal_escape, uniq_pikel
D:7:      layout_loops_cross, marbit_many_paths,
          chequers_temple_overflow_statue_of_worship, abandoned_shop
D:8:      layout_layer_cave, nicolae_elyvilon_temple_path,
          nicolae_ru_path_of_blood, mainiacjoe_overflow_divided_tiny,
          dpeg_oklobed_lair, gammafunk_ghost_berserking_beasts
D:9:      layout_basic, mainiacjoe_overflow_concentric_impassable, orc_david_3,
          enter_bailey_5, st_stairs_14, skrybe_limestone_x, kennysheep_dice
D:10:     layout_long_grid, hangedman_decor_slide_cut, st_stairs_11,
          minmay_fire_ice_demons
Temple:   nicolae_temple_bog_church
Lair:1:   minmay_lair_oklob_tunnel, layout_loops_ring, evilmike_ambush
          [evilmike_ambush_outer_basic, evilmike_ambush_inner_wall_1],
          grunt_megastairs_5, infiniplex_staircase_pool
Lair:2:   layout_small_grid, gammafunk_ghost_arena, enter_volcano_1
Volcano:  volcano_tomb [vts_chambers]

Skill      XL: |  1  2  3  4  5  6  7  8  9 10 11 12 |
---------------+-------------------------------------+-----
Maces & Flails | 3 4 5 6 7 8 9 10 11 12 | 12.7
Fighting       | 4 5 6 7 9 10 | 10.6
Armour         | 4 5 6 7 8 9 |  9.5
Shields        | 4 5 6 7 |  7.0
Evocations     | 2 3 4 5 6 |  6.0
Invocations    | 2 5 10 12 | 12.6

Action                   |  1- 3 |  4- 6 |  7- 9 | 10-12 || total
-------------------------+-------+-------+-------+-------++-------
Melee: Flail             |   142 |   242 |   370 |       ||   754
       Morningstar       |       |       |    33 |   778 ||   811
Throw: Dart              |       |       |       |     4 ||     4
Invok: Recall Undead Har |       |       |       |     6 ||     6
Evoke: Wand              |       |     2 |     8 |    12 ||    22
  Use: Potion            |       |     2 |       |     1 ||     3
       Scroll            |       |       |     5 |    12 ||    17
 Stab: Paralysed         |       |       |     4 |    11 ||    15
       Distracted        |       |       |       |     5 ||     5
Armor: Scale mail        |    78 |    89 |       |       ||   167
       Ring mail         |       |    70 |   204 |   485 ||   759
Dodge: Dodged            |    62 |   164 |   215 |   836 ||  1277
Block: Buckler           |    35 |    66 |    92 |   280 ||   473
